| TOP OF THE 1ST |
|
Oakland Athletics batting - Pitching for San Diego Padres : RHP Doug Drabek
|
|
Pitching: RHP Doug Drabek
|
|
|
Batting: RHB Rickey Henderson
|
0-0: Ball 1-0: Foul Ball, location: 2F 1-1: Ball 2-1: SOLO HOME RUN (Flyball, 7D, EV 103.1 MPH), Distance : 356 ft
|
|
Batting: SHB Geronimo Pena
|
0-0: Called Strike 0-1: Ball 1-1: Ground out 6-3 (Groundball, 6, EV 79.4 MPH)
|
|
Batting: LHB John Olerud
|
0-0: Swinging Strike 0-1: Ball 1-1: Ball 2-1: Foul Ball, location: 2F 2-2: Ground out U3 (Groundball, 3, EV 90.0 MPH)
|
|
Batting: RHB Herbert Perry
|
0-0: Foul Ball, location: 2F 0-1: Ground out 1-3 (Groundball, 13, EV 65.0 MPH)
|
| Top of the 1st over - 1 run, 1 hit, 0 errors, 0 left on base; Oakland 1 - San Diego 0 |
| BOTTOM OF THE 1ST |
|
San Diego Padres batting - Pitching for Oakland Athletics : LHP Bobby M Jones
|
|
Pitching: LHP Bobby M Jones
|
|
|
Batting: SHB Mark Bellhorn
|
0-0: Ball 1-0: Called Strike 1-1: Ball 2-1: Called Strike 2-2: Strikes out swinging
|
|
Batting: RHB Manny Ramirez
|
0-0: Ball 1-0: Ball 2-0: Foul Ball, location: 2F 2-1: DOUBLE (Line Drive, 89XD, EV 99.4 MPH)
|
|
Batting: RHB Craig Grebeck
|
0-0: Ground out U3 (Groundball, 3, EV 96.3 MPH) Manny Ramirez to third
|
|
Batting: RHB Jeff Conine
|
0-0: Called Strike 0-1: Called Strike 0-2: Foul Ball, location: 2F 0-2: SINGLE (Groundball, 4MD, EV 95.6 MPH) Manny Ramirez scores
|
|
Batting: LHB Ed Taubensee
|
0-0: Ball 1-0: Ball 2-0: Ground out 6-3 (Groundball, 6MS, EV 85.6 MPH)
|
| Bottom of the 1st over - 1 run, 2 hits, 0 errors, 1 left on base; Oakland 1 - San Diego 1 |
| TOP OF THE 2ND |
|
Oakland Athletics batting - Pitching for San Diego Padres : RHP Doug Drabek
|
|
Batting: LHB David Justice
|
0-0: Ball 1-0: Swinging Strike 1-1: Ball 2-1: Foul Ball, location: 2F 2-2: Ball 3-2: Foul Ball, location: 2F 3-2: Foul Ball, location: 2F 3-2: Foul Ball, location: 2F 3-2: Foul Ball, location: 2F 3-2: Ground out 2-3 (Groundball, 15S, EV 76.3 MPH)
|
|
Batting: RHB Jay Buhner
|
0-0: Called Strike 0-1: Foul Ball, location: 2F 0-2: Ball 1-2: Strikes out swinging
|
|
Batting: RHB Benito Santiago
|
0-0: Ball 1-0: Foul Ball, location: 2F 1-1: SINGLE (Flyball, 9LS, EV 95.0 MPH)
|
|
Batting: SHB Chuck Carr
|
0-0: Called Strike 0-1: Fly out, F8 (Flyball, 8RM, EV 90.0 MPH)
|
| Top of the 2nd over - 0 runs, 1 hit, 0 errors, 1 left on base; Oakland 1 - San Diego 1 |
| BOTTOM OF THE 2ND |
|
San Diego Padres batting - Pitching for Oakland Athletics : LHP Bobby M Jones
|
|
Batting: RHB Geronimo Berroa
|
0-0: Called Strike 0-1: Ball 1-1: Foul Ball, location: 2F 1-2: Ball 2-2: Fly out, F9 (Flyball, 9LD, EV 104.4 MPH)
|
|
Batting: RHB Jose Canseco
|
0-0: Ball 1-0: Ball 2-0: Called Strike 2-1: Called Strike 2-2: Reached on error, E6 (Groundball, 6S, EV 66.9 MPH)
|
|
Batting: RHB Carlos Quintana
|
0-0: Ball 1-0: Ball 2-0: Foul Ball, location: 2F 2-1: Foul Ball, location: 2F 2-2: Strikes out swinging
|
|
Batting: SHB Mark Whiten
|
0-0: Ball 1-0: Swinging Strike 1-1: Called Strike 1-2: Ball 2-2: Ball 3-2: Foul Ball, location: 2F 3-2: Foul Ball, location: 2F 3-2: Base on Balls Jose Canseco to second
|
|
Batting: SHB Mark Bellhorn
|
0-0: Called Strike 0-1: Ball 1-1: Ball 2-1: Foul Ball, location: 2F 2-2: Strikes out looking
|
| Bottom of the 2nd over - 0 runs, 0 hits, 1 error, 2 left on base; Oakland 1 - San Diego 1 |
| TOP OF THE 3RD |
|
Oakland Athletics batting - Pitching for San Diego Padres : RHP Doug Drabek
|
|
Batting: RHB Benji Gil
|
0-0: Called Strike 0-1: Foul Ball, location: 2F 0-2: Foul Ball, location: 2F 0-2: Strikes out swinging
|
|
Batting: RHB Rickey Henderson
|
0-0: Foul Ball, location: 2F 0-1: Ball 1-1: Ball 2-1: Swinging Strike 2-2: Ball 3-2: Strikes out swinging
|
|
Batting: SHB Geronimo Pena
|
0-0: Ball 1-0: Ball 2-0: Ball 3-0: Base on Balls
|
|
Batting: LHB John Olerud
|
0-0: Ball 1-0: Foul Ball, location: 2F 1-1: Ball Geronimo Pena is caught stealing 2nd base 2-6
|
| Top of the 3rd over - 0 runs, 0 hits, 0 errors, 0 left on base; Oakland 1 - San Diego 1 |
| BOTTOM OF THE 3RD |
|
San Diego Padres batting - Pitching for Oakland Athletics : LHP Bobby M Jones
|
|
Batting: RHB Manny Ramirez
|
0-0: Ball 1-0: Ball 2-0: Called Strike 2-1: Ball 3-1: Foul Ball, location: 2F 3-2: Base on Balls
|
|
Batting: RHB Craig Grebeck
|
0-0: Ball 1-0: Bunt missed! 1-1: Sac Bunt to 23 - play at first, batter OUT! 3-4 Manny Ramirez to second
|
|
Batting: RHB Jeff Conine
|
0-0: Ball 1-0: Ball Wild Pitch! Manny Ramirez to third 2-0: Fly out, F8 (Flyball, 8RD, EV 101.3 MPH) Runner from 3rd tags up, SCORES, throw by CF
|
|
Batting: LHB Ed Taubensee
|
0-0: Called Strike 0-1: Foul Ball, location: 2F 0-2: Ball 1-2: Foul Ball, location: 2F 1-2: Fly out, F7 (Flyball, 7S, EV 96.3 MPH)
|
| Bottom of the 3rd over - 1 run, 0 hits, 0 errors, 0 left on base; Oakland 1 - San Diego 2 |
| TOP OF THE 4TH |
|
Oakland Athletics batting - Pitching for San Diego Padres : RHP Doug Drabek
|
|
Batting: LHB John Olerud
|
0-0: Ball 1-0: Ball 2-0: Bunt missed! 2-1: Foul Ball, location: 2F 2-2: Ground out 1-3 (Groundball, 13, EV 83.8 MPH)
|
|
Batting: RHB Herbert Perry
|
0-0: Ball 1-0: Ball 2-0: Ball 3-0: Base on Balls
|
|
Batting: LHB David Justice
|
0-0: Ball 1-0: Ball 2-0: Swinging Strike 2-1: Swinging Strike 2-2: Ball 3-2: Fly out, F8 (Flyball, 8RS, EV 88.1 MPH)
|
|
Batting: RHB Jay Buhner
|
0-0: Swinging Strike 0-1: Called Strike 0-2: Ball 1-2: Ball 2-2: Foul Ball, location: 2F 2-2: Ball 3-2: Foul Ball, location: 2F 3-2: Strikes out looking
|
| Top of the 4th over - 0 runs, 0 hits, 0 errors, 1 left on base; Oakland 1 - San Diego 2 |
| BOTTOM OF THE 4TH |
|
San Diego Padres batting - Pitching for Oakland Athletics : LHP Bobby M Jones
|
|
Batting: RHB Geronimo Berroa
|
0-0: Bunt for hit to 15 - play at first, batter OUT! 1-3
|
|
Batting: RHB Jose Canseco
|
0-0: Called Strike 0-1: Ball 1-1: Fly out, F3 (Flyball, 3D, EV 92.5 MPH)
|
|
Batting: RHB Carlos Quintana
|
0-0: Ball 1-0: Ball 2-0: Ball 3-0: Called Strike 3-1: Base on Balls
|
|
Batting: SHB Mark Whiten
|
0-0: Called Strike 0-1: Fly out, F8 (Flyball, 89D, EV 86.3 MPH)
|
| Bottom of the 4th over - 0 runs, 0 hits, 0 errors, 1 left on base; Oakland 1 - San Diego 2 |
| TOP OF THE 5TH |
|
Oakland Athletics batting - Pitching for San Diego Padres : RHP Doug Drabek
|
|
Batting: RHB Benito Santiago
|
0-0: Ball 1-0: Called Strike 1-1: Ground out 5-3 (Groundball, 56S, EV 86.3 MPH)
|
|
Batting: SHB Chuck Carr
|
0-0: Called Strike 0-1: Ball 1-1: Ground out 1-3 (Groundball, P, EV 81.3 MPH)
|
|
Batting: RHB Benji Gil
|
0-0: Called Strike 0-1: Foul Ball, location: 2F 0-2: Ball 1-2: Foul Ball, location: 2F 1-2: Strikes out looking
|
| Top of the 5th over - 0 runs, 0 hits, 0 errors, 0 left on base; Oakland 1 - San Diego 2 |
| BOTTOM OF THE 5TH |
|
San Diego Padres batting - Pitching for Oakland Athletics : LHP Bobby M Jones
|
|
Batting: SHB Mark Bellhorn
|
0-0: Called Strike 0-1: Foul Ball, location: 2F 0-2: Ball 1-2: Strikes out swinging
|
|
Batting: RHB Manny Ramirez
|
0-0: Called Strike 0-1: Called Strike 0-2: Ball 1-2: Ball 2-2: Fly out, F9 (Flyball, 9S, EV 88.8 MPH)
|
|
Batting: RHB Craig Grebeck
|
0-0: Ball 1-0: Ball 2-0: Foul Ball, location: 2F 2-1: Ground out 2-3 (Groundball, 13S, EV 60.0 MPH)
|
| Bottom of the 5th over - 0 runs, 0 hits, 0 errors, 0 left on base; Oakland 1 - San Diego 2 |
| TOP OF THE 6TH |
|
Oakland Athletics batting - Pitching for San Diego Padres : RHP Doug Drabek
|
|
Batting: RHB Rickey Henderson
|
0-0: Ground out 4-3 (Groundball, 4, EV 85.0 MPH)
|
|
Batting: SHB Geronimo Pena
|
0-0: Ball 1-0: Called Strike 1-1: Ball 2-1: Ground out 1-3 (Groundball, 13, EV 90.0 MPH)
|
|
Batting: LHB John Olerud
|
0-0: Called Strike 0-1: Ball 1-1: DOUBLE (Line Drive, 7LM, EV 93.1 MPH)
|
|
Batting: RHB Herbert Perry
|
0-0: Ground out 6-3 (Groundball, 6, EV 88.8 MPH)
|
| Top of the 6th over - 0 runs, 1 hit, 0 errors, 1 left on base; Oakland 1 - San Diego 2 |
| BOTTOM OF THE 6TH |
|
San Diego Padres batting - Pitching for Oakland Athletics : LHP Bobby M Jones
|
|
Batting: RHB Jeff Conine
|
0-0: Ball 1-0: Foul Ball, location: 2F 1-1: Ground out 5-3 (Groundball, 56, EV 100.6 MPH)
|
|
Batting: LHB Ed Taubensee
|
0-0: Fly out, F8 (Flyball, 8LD, EV 80.6 MPH)
|
|
Batting: RHB Geronimo Berroa
|
0-0: Ball 1-0: Swinging Strike 1-1: Ball 2-1: Ball 3-1: Base on Balls
|
|
Batting: RHB Jose Canseco
|
0-0: Swinging Strike 0-1: Ball 1-1: Ball 2-1: Ball 3-1: Foul Ball, location: 2F 3-2: Strikes out swinging
|
| Bottom of the 6th over - 0 runs, 0 hits, 0 errors, 1 left on base; Oakland 1 - San Diego 2 |
| TOP OF THE 7TH |
|
Oakland Athletics batting - Pitching for San Diego Padres : RHP Doug Drabek
|
|
Batting: LHB David Justice
|
0-0: Called Strike 0-1: Fly out, F7 (Flyball, 78D, EV 103.1 MPH)
|
|
Batting: RHB Jay Buhner
|
0-0: Ball 1-0: Ball 2-0: Ball 3-0: Called Strike 3-1: Base on Balls
|
|
Batting: RHB Benito Santiago
|
0-0: Ball 1-0: Ball 2-0: Foul Ball, location: 2F 2-1: Ball 3-1: 2-RUN HOME RUN (Flyball, 89XD, EV 95.0 MPH), Distance : 388 ft
|
|
Batting: SHB Chuck Carr
|
0-0: Called Strike 0-1: SINGLE (Groundball, 4D, EV 100.6 MPH)
|
|
Pitching: RHP Rich Loiselle
|
|
|
Batting: RHB Benji Gil
|
0-0: Ball 1-0: Ball 2-0: Foul Ball, location: 2F 2-1: Called Strike 2-2: Foul Ball, location: 2F 2-2: Strikes out swinging
|
|
Batting: RHB Rickey Henderson
|
0-0: Ball 1-0: Foul Ball, location: 2F 1-1: Foul Ball, location: 2F 1-2: Foul Ball, location: 2F 1-2: Foul Ball, location: 2F 1-2: Ball 2-2: Foul Ball, location: 2F 2-2: SINGLE (Line Drive, 89S, EV 108.1 MPH) Chuck Carr to second Chuck Carr to third
|
|
Batting: SHB Geronimo Pena
|
0-0: Ball 1-0: Swinging Strike 1-1: Ball 2-1: Ball 3-1: Foul Ball, location: 2F 3-2: Base on Balls Rickey Henderson to second
|
|
Batting: LHB John Olerud
|
0-0: Ground out 1-3 (Groundball, 34S, EV 85.0 MPH)
|
| Top of the 7th over - 2 runs, 3 hits, 0 errors, 3 left on base; Oakland 3 - San Diego 2 |
| BOTTOM OF THE 7TH |
|
San Diego Padres batting - Pitching for Oakland Athletics : LHP Bobby M Jones
|
|
Batting: RHB Carlos Quintana
|
0-0: Called Strike 0-1: Ball 1-1: Ball 2-1: Fly out, F3 (Popup, 3S, EV 77.5 MPH)
|
|
Batting: SHB Mark Whiten
|
0-0: Swinging Strike 0-1: Foul Ball, location: 2F 0-2: Strikes out looking
|
|
Batting: SHB Mark Bellhorn
|
0-0: Ball 1-0: Foul Ball, location: 2F 1-1: Ball 2-1: Ball 3-1: Foul Ball, location: 2F 3-2: Base on Balls
|
|
Batting: RHB Manny Ramirez
|
0-0: Called Strike 0-1: Swinging Strike 0-2: Strikes out swinging
|
| Bottom of the 7th over - 0 runs, 0 hits, 0 errors, 1 left on base; Oakland 3 - San Diego 2 |
| TOP OF THE 8TH |
|
Oakland Athletics batting - Pitching for San Diego Padres : RHP Rich Loiselle
|
|
Batting: RHB Herbert Perry
|
0-0: Ball 1-0: Swinging Strike 1-1: Foul Ball, location: 2F 1-2: Strikes out looking
|
|
Batting: LHB David Justice
|
0-0: Ball 1-0: SINGLE (Line Drive, 9S, EV 93.1 MPH)
|
|
Pitching: RHP Dave Veres
|
|
|
Batting: RHB Jay Buhner
|
0-0: Ball 1-0: Ball 2-0: Called Strike 2-1: Foul Ball, location: 2F 2-2: Strikes out swinging
|
|
Batting: RHB Benito Santiago
|
0-0: Called Strike 0-1: Called Strike David Justice steals 2nd base 0-2: Ground out 5-3 (Groundball, 5, EV 85.0 MPH)
|
| Top of the 8th over - 0 runs, 1 hit, 0 errors, 1 left on base; Oakland 3 - San Diego 2 |
| BOTTOM OF THE 8TH |
|
San Diego Padres batting - Pitching for Oakland Athletics : LHP Bobby M Jones
|
|
Batting: RHB Craig Grebeck
|
0-0: Ball 1-0: Ground out 1-3 (Groundball, 34S, EV 81.9 MPH)
|
|
Batting: RHB Jeff Conine
|
0-0: Foul Ball, location: 2F 0-1: Foul Ball, location: 2F 0-2: Ball 1-2: Ball 2-2: Ball 3-2: SOLO HOME RUN (Flyball, 7D, EV 90.6 MPH), Distance : 373 ft
|
|
Batting: LHB Ed Taubensee
|
0-0: Foul Ball, location: 2F 0-1: Fly out, F8 (Flyball, 78D, EV 99.4 MPH)
|
|
Batting: RHB Geronimo Berroa
|
0-0: Foul Ball, location: 2F 0-1: Swinging Strike 0-2: Ball 1-2: Ball 2-2: Foul Ball, location: 2F 2-2: Ball 3-2: Strikes out swinging
|
| Bottom of the 8th over - 1 run, 1 hit, 0 errors, 0 left on base; Oakland 3 - San Diego 3 |
| TOP OF THE 9TH |
|
Oakland Athletics batting - Pitching for San Diego Padres : RHP Dave Veres
|
|
Batting: SHB Chuck Carr
|
0-0: Foul Ball, location: 2F 0-1: Ball 1-1: Swinging Strike 1-2: Ball 2-2: Strikes out swinging
|
|
Pinch Hitting: RHB Greg Vaughn
|
0-0: Foul Ball, location: 2F 0-1: Swinging Strike 0-2: Foul Ball, location: 2F 0-2: Foul Ball, location: 2F 0-2: Foul Ball, location: 2F 0-2: Strikes out looking
|
|
Batting: RHB Rickey Henderson
|
0-0: Ball 1-0: Foul Ball, location: 2F 1-1: Foul Ball, location: 2F 1-2: Ball 2-2: Foul Ball, location: 2F 2-2: Fly out, F7 (Flyball, 7, EV 84.4 MPH)
|
| Top of the 9th over - 0 runs, 0 hits, 0 errors, 0 left on base; Oakland 3 - San Diego 3 |
| BOTTOM OF THE 9TH |
|
San Diego Padres batting - Pitching for Oakland Athletics : LHP Bobby M Jones
|
|
Now at SS: Greg Litton
|
|
|
Batting: RHB Jose Canseco
|
0-0: Ball 1-0: Ball 2-0: Ball 3-0: Called Strike 3-1: Swinging Strike 3-2: Foul Ball, location: 2F 3-2: Strikes out swinging
|
|
Batting: RHB Carlos Quintana
|
0-0: Ball 1-0: Swinging Strike 1-1: Foul Ball, location: 2F 1-2: Foul Ball, location: 2F 1-2: Ball 2-2: Ball 3-2: Base on Balls
|
|
Pitching: RHP William VanLandingham
|
|
|
Pinch Hitting: LHB Jim Edmonds
|
0-0: Ball 1-0: Swinging Strike 1-1: Foul Ball, location: 2F 1-2: Foul Ball, location: 2F 1-2: Ball 2-2: Foul Ball, location: 2F 2-2: Ball 3-2: Strikes out swinging
|
|
Pinch Hitting: SHB Tony Clark
|
0-0: Ball 1-0: Ball 2-0: Called Strike 2-1: Swinging Strike 2-2: Strikes out looking
|
| Bottom of the 9th over - 0 runs, 0 hits, 0 errors, 1 left on base; Oakland 3 - San Diego 3 |
| TOP OF THE 10TH |
|
Oakland Athletics batting - Pitching for San Diego Padres : RHP Dave Veres
|
|
Now at SS: Manuel Lee
|
|
|
Now in CF: Jim Edmonds
|
|
|
Batting: SHB Geronimo Pena
|
0-0: Ball 1-0: Foul Ball, location: 2F 1-1: Foul Ball, location: 2F 1-2: Ball 2-2: SINGLE (Line Drive, 89S, EV 92.5 MPH)
|
|
Batting: LHB John Olerud
|
0-0: Called Strike Geronimo Pena steals 2nd base 0-1: Ball 1-1: Intentional Walk
|
|
Pitching: RHP Robb Nen
|
|
|
Batting: RHB Herbert Perry
|
0-0: Called Strike Geronimo Pena steals 3rd, throwing error, E2 Geronimo Pena scores John Olerud to third 0-1: Ball 1-1: Foul Ball, location: 2F 1-2: Ball 2-2: Strikes out swinging
|
|
Batting: LHB David Justice
|
0-0: Called Strike 0-1: Ball 1-1: Called Strike 1-2: Ball 2-2: Strikes out swinging
|
|
Batting: RHB Jay Buhner
|
0-0: Fly out, F8 (Line Drive, 8RM, EV 92.5 MPH)
|
| Top of the 10th over - 1 run, 1 hit, 1 error, 1 left on base; Oakland 4 - San Diego 3 |
| BOTTOM OF THE 10TH |
|
San Diego Padres batting - Pitching for Oakland Athletics : RHP William VanLandingham
|
|
Pitching: RHP Jason Bere
|
|
|
Batting: RHB Manny Ramirez
|
0-0: SOLO HOME RUN (Flyball, 7D, EV 100.6 MPH), Distance : 372 ft
|
|
Batting: RHB Craig Grebeck
|
0-0: Ball 1-0: Ball 2-0: Foul Ball, location: 2F 2-1: Ball 3-1: Foul Ball, location: 2F 3-2: Base on Balls
|
|
Batting: RHB Jeff Conine
|
0-0: Called Strike 0-1: Ball 1-1: Ball 2-1: Ground out 5-3 (Groundball, 56S, EV 65.0 MPH) Craig Grebeck to second
|
|
Batting: LHB Ed Taubensee
|
0-0: Foul Ball, location: 2F 0-1: Foul Ball, location: 2F 0-2: Ball 1-2: Ball 2-2: Strikes out swinging
|
|
Batting: RHB Geronimo Berroa
|
0-0: Ball 1-0: Called Strike 1-1: Ground out 6-3 (Groundball, 6, EV 99.4 MPH)
|
| Bottom of the 10th over - 1 run, 1 hit, 0 errors, 1 left on base; Oakland 4 - San Diego 4 |
| TOP OF THE 11TH |
|
Oakland Athletics batting - Pitching for San Diego Padres : RHP Robb Nen
|
|
Batting: RHB Benito Santiago
|
0-0: Ball 1-0: Foul Ball, location: 2F 1-1: Foul Ball, location: 2F 1-2: Foul Ball, location: 2F 1-2: Ball 2-2: Strikes out swinging
|
|
Batting: SHB Chuck Carr
|
0-0: Ball 1-0: Ball 2-0: Foul Ball, location: 2F 2-1: Foul Ball, location: 2F 2-2: SINGLE (Groundball, 4, EV 103.8 MPH) (infield hit)
|
|
Batting: RHB Greg Litton
|
0-0: Called Strike 0-1: Ball Chuck Carr steals 2nd, throwing error, E2 Chuck Carr to third 1-1: Ball 2-1: Swinging Strike 2-2: Foul Ball, location: 2F 2-2: Fly out, F7 (Flyball, 78XD, EV 100.6 MPH) Runner from 3rd tags up, SCORES, no throw by LF
|
|
Batting: RHB Rickey Henderson
|
0-0: Ball 1-0: Ball 2-0: Ball 3-0: Base on Balls
|
|
Batting: SHB Geronimo Pena
|
0-0: Called Strike 0-1: Ball 1-1: Fielders Choice at 2nd, 6-4 (Groundball, 6, EV 105.6 MPH)
|
| Top of the 11th over - 1 run, 1 hit, 1 error, 1 left on base; Oakland 5 - San Diego 4 |
| BOTTOM OF THE 11TH |
|
San Diego Padres batting - Pitching for Oakland Athletics : RHP Jason Bere
|
|
Batting: RHB Jose Canseco
|
0-0: Foul Ball, location: 2F 0-1: Ball 1-1: Fly out, F6 (Line Drive, 6, EV 68.1 MPH)
|
|
Batting: RHB Carlos Quintana
|
0-0: Ball 1-0: Foul Ball, location: 2F 1-1: Ball 2-1: Ball 3-1: Base on Balls
|
|
Batting: LHB Jim Edmonds
|
0-0: Ball 1-0: Ball 2-0: Foul Ball, location: 2F 2-1: Fly out, F5 (Popup, 56S, EV 86.3 MPH)
|
|
Batting: SHB Manuel Lee
|
0-0: Ball 1-0: Ball 2-0: Swinging Strike 2-1: Foul Ball, location: 2F 2-2: Strikes out looking
|
| Bottom of the 11th over - 0 runs, 0 hits, 0 errors, 1 left on base; Oakland 5 - San Diego 4 |
|